 Dungeon Crawl Stone Soup version 0.30.1-11-g7821555f0a (webtiles) character file.

Game seed: 1103416136447608712

412 Nelofar the Chiller (level 7, -8/48 HPs)
             Began as a Human Ice Elementalist on Dec 6, 2023.
             Was a Follower of Qazlal.
             Shot with an arrow by a centaur (12 damage)
             ... on level 5 of the Dungeon.
             The game lasted 00:09:37 (1817 turns).

Nelofar the Chiller (Human Ice Elementalist)        Turns: 1817, Time: 00:09:38

Health: -8/48      AC:  2    Str:  8    XL:     7   Next: 14%
Magic:  11/11      EV: 13    Int: 18    God:    Qazlal [*.....]
Gold:   136        SH:  2    Dex: 17    Spells: 3/12 levels left

rFire   . . .        g - +2 dagger of Cioce {speed, Dex+4}
rCold   + . .        (no shield)
rNeg    . . .        a - +0 robe
rPois   .            (no helmet)
rElec   .            (no cloak)
rCorr   .            (no gloves)
SInv    .            (no boots)
Will    .....        (no amulet)
Stlth   ++           j - ring of protection from cold
HPRegen 0.28/turn    (no ring)
MPRegen 0.12/turn

%: no passive effects
@: brilliant
A: no striking features
a: Renounce Religion


You were on level 5 of the Dungeon.
You worshipped Qazlal.
Qazlal was aware of your devotion.
You visited 1 branch of the dungeon, and saw 5 of its levels.

You collected 136 gold pieces.

Inventory:

Hand Weapons
 g - the +2 dagger of Cioce (weapon) {speed, Dex+4}
   (You found it on level 2 of the Dungeon)

   Dex:       It affects your dexterity (+4).
Missiles
 c - a boomerang (quivered)
 k - 3 javelins
Armour
 a - a +0 robe (worn)
Jewellery
 j - a ring of protection from cold (left hand)
Scrolls
 f - a scroll of immolation
Potions
 b - a potion of magic


   Skills:
 * Level 1.4 Fighting
 * Level 1.4 Short Blades
 * Level 0.8 Throwing
 * Level 1.6 Armour
 * Level 3.0 Dodging
 * Level 2.8 Stealth
 * Level 3.3 Spellcasting
 * Level 5.3 Ice Magic
 * Level 1.6 Invocations


You had 3 spell levels left.
You knew the following spells:

 Your Spells              Type           Power      Damage    Failure   Level
a - Freeze                Ice            100%       1d10      1%          1
b - Frozen Ramparts       Ice            66%        1d10      5%          3
c - Necrotise             Necr           16%        1d4       16%         1
d - Summon Small Mammal   Summ           16%        N/A       16%         1
e - Call Canine Familiar  Summ           4%         N/A       43%         3

Your spell library contained the following spells:

 Spells                   Type           Power      Damage    Failure   Level
 Ozocubu's Armour         Ice            33%        N/A       5%          3
 Apportation              Tloc           8%         N/A       16%         1
 Summon Guardian Golem    Hex/Summ       4%         N/A       43%         3
 Summon Ice Beast         Ice/Summ       19%        N/A       45%         4


Dungeon Overview and Level Annotations

Branches:
Dungeon (5/15)             Temple (0/1) D:4

Altars:
Makhleb
Qazlal

Annotations:
D:5 Blork the orc


Message History

Something hits you.
You hit something but do no damage. Something hits you.
You hit something. You barely miss something. Something hits you.
You closely miss something. Something hits you.
You barely miss something.
A nearby demonic plant withers and dies.
Blork the orc shouts!
You hit something. Something hits you.
Okay, then.
You hit something but do no damage. You closely miss something.
You hear some strange, mumbled words.
A magic dart appears from out of thin air!
The magic dart hits you.
You hit something. Something hits you. Something hits you.
Blork the orc miscasts a cantrip.
You hear some strange, mumbled words.
Something tries to affect you, but you resist.
As you read the scroll labelled HOAMIKH SAHA, it crumbles to dust.
You assume a fearsome visage.
Blork the orc looks frightened!
It was a scroll of fear.
A centaur comes into view.
An orc wizard appears from thin air!
Reactivating autopickup.
The orc wizard casts a spell.
The orc wizard flickers and vanishes!
Deactivating autopickup; reactivate with Ctrl-A.
The centaur shouts!
The centaur wields a +0 shortbow.
The centaur shoots an arrow.
The arrow hits you!
* * * LOW HITPOINT WARNING * * *
The centaur shoots an arrow.
The arrow completely misses you.
The centaur shoots an arrow.
The arrow hits you!
* * * LOW HITPOINT WARNING * * *
It was a potion of brilliance.
You feel clever all of a sudden.
The centaur shoots an arrow.
The arrow hits you!
You die...

*,,,,,,,,,*** *#...≈
*,,,,,,,,,,,***..#..
*******,,**,,,,.*###
**,,***,,,,,,#
##########.#*#.####..
#.......#*..*#...##..
#...c...###.*#...###.
#...○[......##...##..
#...@...#*#.........#
#...§...# *#!.....##*
#.......# #......###
#####.#######........ *##**
##..####..)o...####
***...*##♣..........#######.
*,,.P.##.♣..P##.##.## #....
*,,........♣.##.....# ##.###
*,,..#.....♣♣###.♣♣.###..###


You could see a centaur.

Vanquished Creatures
  2 scorpions
  A jelly (D:5)
  2 orc priests (D:3)
  2 hounds (D:5)
  An iguana (D:4)
  5 adders
  3 shadow imps (D:5)
  A white imp (D:5)
  6 orcs
  An endoplasm (D:2)
  A giant cockroach (D:3)
  5 hobgoblins
  3 jackals (D:3)
  5 kobolds
  A quokka (D:3)
  2 ball pythons
  2 bats
  A frilled lizard (D:3)
  A goblin (D:2)
  5 rats
50 creatures vanquished.

Notes
Turn   | Place    | Note
-------+----------+-------------------------------------------
     0 | D:1      | Nelofar the Human Ice Elementalist began the quest for the
                  | Orb.
     0 | D:1      | Reached XP level 1. HP: 13/13 MP: 3/3
   178 | D:1      | Reached XP level 2. HP: 19/19 MP: 3/5
   304 | D:2      | Identified the +2 dagger of Cioce {speed, Dex+4}
   373 | D:2      | Found a stormy altar of Qazlal.
   384 | D:2      | Became a worshipper of Qazlal Stormbringer
   479 | D:2      | Reached XP level 3. HP: 14/25 MP: 2/6
   483 | D:2      | Learned a level 3 spell: Frozen Ramparts
   952 | D:3      | Reached XP level 4. HP: 31/31 MP: 3/7
   953 | D:3      | Reached skill level 1 in Fighting
   953 | D:3      | Reached XP level 5. HP: 37/37 MP: 3/9
   958 | D:3      | Reached * piety under Qazlal
  1113 | D:4      | Found a staircase to the Ecumenical Temple.
  1125 | D:4      | Found a burning altar of Makhleb.
  1242 | D:4      | Reached skill level 1 in Armour
  1242 | D:4      | Reached skill level 1 in Invocations
  1246 | D:4      | Reached skill level 1 in Short Blades
  1246 | D:4      | Reached XP level 6. HP: 21/43 MP: 4/10
  1368 | D:5      | Entered Level 5 of the Dungeon
  1373 | D:5      | Reached skill level 5 in Ice Magic
  1417 | D:5      | Noticed Blork the orc
  1530 | D:5      | Reached XP level 7. HP: 21/48 MP: 2/11
  1687 | D:5      | Learned a level 1 spell: Necrotise
  1689 | D:5      | Learned a level 1 spell: Summon Small Mammal
  1728 | D:5      | Learned a level 3 spell: Call Canine Familiar
  1817 | D:5      | Shot with an arrow by a centaur

Illustrated notes

Levels and vault maps discovered:
D:1:      dpeg_arrival_simpleton_c, layout_basic
D:2:      layout_loops_ring, basic_altar, shapermc_ecumenical_altar_mp_vishouse
D:3:      layout_loops_ring
D:4:      layout_loops_ring, lemuel_coloured_pillars_altar, tso_metal_star,
          nicolae_dithmenos_the_darkroom, mainiacjoe_overflow_paths,
          minmay_temple_entry_statues_pillars, serial_shops,
          nicolae_shop_pleasant_corner_grove, grunt_ministairs_14, st_stairs_13
D:5:      layout_rooms, serial_demonic, serial_demonic_b, serial_demonic_e,
          serial_demonic_b, serial_demonic_g, corexii_leaking_fountain,
          uniq_blork_the_orc

Skill      XL: |  1  2  3  4  5  6 |
---------------+-------------------+-----
Fighting       | 1 |  1.4
Armour         | 1 |  1.6
Invocations    | 1 |  1.6
Short Blades   | 1 |  1.4
Spellcasting   | 3 |  3.3
Ice Magic      | 5 |  5.3
Dodging        | 3 |  3.0
Throwing       | |  0.8
Stealth        | |  2.8

Action                     |  1- 3 |  4- 6 |  7- 9 || total
---------------------------+-------+-------+-------++-------
  Melee: Dagger            |    30 |    41 |    46 ||   117
         Punch             |       |     1 |       ||     1
  Throw: Boomerang         |       |    12 |     2 ||    14
   Cast: Freeze            |    29 |    16 |     1 ||    46
         Frozen Ramparts   |     3 |     6 |     1 ||    10
    Use: Scroll            |     3 |     4 |     1 ||     8
         Potion            |     1 |     4 |     1 ||     6
   Stab: Sleeping          |     4 |       |       ||     4
 Armour: Robe              |     5 |    10 |     2 ||    17
  Dodge: Dodged            |    28 |    37 |    15 ||    80
  Block: Other             |       |     1 |       ||     1
